 Dungeon Crawl Stone Soup version 0.23-a0-416-g33f1def (webtiles) character file.

401 JeffiDaFish the Grave Robber (level 6, 0/32 HPs)
             Began as a Deep Elf Necromancer on Nov 10, 2018.
             Succumbed to an orc wizard's poison
             ... in the Ecumenical Temple.
             The game lasted 00:09:06 (5360 turns).

JeffiDaFish the Grave Robber (Deep Elf Necromancer) Turns: 5360, Time: 00:09:07

Health: 0/32       AC:  4    Str:  6    XL:     6   Next: 54%
Magic:  19/25      EV: 15    Int: 21    God:
Gold:   246        SH:  0    Dex: 15    Spells: 7/15 levels left

rFire    . . .     SeeInvis .   f - +0 dagger
rCold    . . .     Gourm    .   (no shield)
rNeg     . . .     Faith    .   a - +0 robe
rPois    .         Spirit   .   (no helmet)
rElec    .         Reflect  .   (no cloak)
rCorr    .         Harm     .   (no gloves)
MR       .....                  e - +1 pair of boots
Stlth    ++........             (no amulet)
HPRegen  0.10/turn              i - ring of magical power
MPRegen  0.19/turn              d - ring of wizardry

@: lethally poisoned (0 -> -19)
A: no striking features
a: no special abilities


You were in the Ecumenical Temple.
You were not hungry.

You visited 2 branches of the dungeon, and saw 5 of its levels.

You collected 246 gold pieces.

Inventory:

Hand Weapons
 f - a +0 dagger (weapon)
Armour
 a - a +0 robe (worn)
 e - a +1 pair of boots (worn)
Jewellery
 b - an uncursed ring of fire
 d - a ring of wizardry (right hand)
 i - a ring of magical power (left hand)
Scrolls
 h - a scroll of blinking
 j - a scroll of identify
Potions
 k - a potion of magic
Comestibles
 c - 7 rations


   Skills:
 + Level 4.6 Dodging
 - Level 2.4 Stealth
 + Level 5.3 Spellcasting
 * Level 7.5 Necromancy


You had 7 spell levels left.
You knew the following spells:

 Your Spells              Type           Power        Failure   Level  Hunger
a - Pain                  Necr           ####         1%          1    None
b - Vampiric Draining     Necr           #####.....   1%          3    ##.....
c - Animate Dead          Necr           N/A          1%          4    ####...

Your spell library contained the following spells:

 Spells                   Type           Power        Failure   Level  Hunger
 Animate Skeleton         Necr           N/A          1%          1    None
 Regeneration             Chrm/Necr      ###.......   2%          3    ##.....


Dungeon Overview and Level Annotations

Branches:
Dungeon (4/15)             Temple (1/1) D:4

Altars:
Ashenzari
Cheibriados
Dithmenos
Elyvilon
Fedhas
Gozag
Hepliaklqana
Makhleb
Nemelex Xobeh
Okawaru
Qazlal
Ru
Trog
Xom
Zin
The Shining One


Message History

* * * LOW HITPOINT WARNING * * *
You feel sick.
You hear some strange, mumbled words.
All of the chunks of flesh in your inventory have rotted away.
Okay, then.
Casting: Vampiric Draining (safe; 1% risk of failure)
Confirm with . or Enter, or press ? or * to list all spells.
Aiming: Vampiric Draining (safe; 1% risk of failure)
Press: ? - help, Shift-Dir - straight line There's nothing close enough!
* * * LOW HITPOINT WARNING * * *
You feel sick. Something hits you.
* * * LOW HITPOINT WARNING * * *
Deactivating autopickup; reactivate with Ctrl-A.
Casting: Vampiric Draining (safe; 1% risk of failure)
Confirm with . or Enter, or press ? or * to list all spells.
Aiming: Vampiric Draining (safe; 1% risk of failure)
Press: ? - help, Shift-Dir - straight line There's nothing close enough!
You die...

♣♣♣♣♣♣♣ ♣♣♣.....♣♣♣
♣♣♣♣.........♣♣♣♣
♣♣♣......[[.......♣♣♣
♣♣..♣♣.....<[....♣♣..♣♣
♣♣♣♣♣♣.♣♣♣♣...........♣♣♣♣.♣♣♣♣♣♣
♣.....♣♣♣ ♣♣....@....♣♣ ♣♣♣.....♣
.._.....♣♣ ♣♣♣.....♣♣♣ ♣♣....._..
.........♣ ♣♣♣♣♣♣♣ ♣.........
...⌠.._..♣ ♣.._..⌠... .........♣
♣......... ._......♣♣ ♣♣......_.
......♣♣♣ ♣♣♣...... ♣.♣♣♣♣♣
♣♣♣♣♣.♣ ♣♣.♣♣♣♣♣♣♣♣♣♣
♣♣♣♣♣♣♣♣♣♣.♣♣


There were no monsters in sight!

Vanquished Creatures
  An orc priest (Temple)
  2 hounds (D:4)
  2 worker ants
  3 orc wizards
  4 adders
  3 oozes
  3 worms
  5 dart slugs
  2 leopard geckos
  6 orcs
  8 bats
  7 giant cockroaches
  11 hobgoblins
  3 kobolds
  4 quokkas
  2 ball pythons
  6 frilled lizards
  A goblin (D:3)
  5 rats
78 creatures vanquished.

Vanquished Creatures (collateral kills)
  A centaur skeleton (D:4)
  A worker ant (D:4)
2 creatures vanquished.

Grand Total: 80 creatures vanquished

Notes
Turn   | Place    | Note
-------+----------+-------------------------------------------
     0 | D:1      | JeffiDaFish the Deep Elf Necromancer began the quest for
                  | the Orb.
     0 | D:1      | Reached XP level 1. HP: 10/10 MP: 6/6
   139 | D:1      | Reached skill level 5 in Necromancy
   181 | D:1      | Reached XP level 2. HP: 8/15 MP: 2/8
  1282 | D:1      | Reached XP level 3. HP: 12/19 MP: 6/10
  1918 | D:2      | Learned a level 3 spell: Vampiric Draining
  2064 | D:2      | Found a hazy altar of Hepliaklqana.
  2287 | D:2      | Found an iron altar of Okawaru.
  2323 | D:2      | Found a faded altar of an unknown god.
  2361 | D:2      | Found a white marble altar of Elyvilon.
  2820 | D:2      | Reached XP level 4. HP: 24/24 MP: 11/11
  2862 | D:2      | Reached skill level 6 in Necromancy
  3261 | D:3      | Learned a level 4 spell: Animate Dead
  3714 | D:3      | Reached XP level 5. HP: 23/28 MP: 13/13
  4222 | D:4      | Reached skill level 7 in Necromancy
  4263 | D:4      | Reached skill level 5 in Spellcasting
  4263 | D:4      | Reached XP level 6. HP: 27/32 MP: 15/15
  4329 | D:4      | Found a staircase to the Ecumenical Temple.
  4349 | Temple   | Entered the Ecumenical Temple
  4701 | D:4      | HP: 1/32 [orc priest/divine providence (11)]
  5359 | Temple   | HP: 1/32 [something (1)]
  5360 | Temple   | Succumbed to an orc wizard's poison

Vault maps used:
D:1:      dpeg_arrival_court, minivault_11
D:2:      elyvilon_altar_4, lemuel_doored_altar,
          chequers_ecumenical_altar_simple_redux, first_ration, st_stairs_9,
          okawaru_trees_1
D:4:      nicolae_overflow_hidden_temple, minmay_temple_entry_statues_fountains,
          grunt_ministairs_4
Temple:   jpeg_temple_clearing

Skill      XL: |  1  2  3  4  5 |
---------------+----------------+-----
Necromancy     | 5 6 7 |  7.5
Dodging        | 3 4 |  4.6
Spellcasting   | 4 5 |  5.3
Stealth        | |  2.4

Action                   |  1- 3 |  4- 6 || total
-------------------------+-------+-------++-------
Melee: Dagger            |    12 |    24 ||    36
 Cast: Pain              |    66 |    76 ||   142
       Vampiric Draining |       |    14 ||    14
       Animate Dead      |       |     1 ||     1
  Use: Scroll            |     4 |     5 ||     9
       Potion            |     3 |     1 ||     4
 Stab: Sleeping          |     3 |     4 ||     7
  Eat: Chunk             |     6 |     5 ||    11
       Ration            |       |     1 ||     1
Armor: Robe              |     2 |    10 ||    12
Dodge: Dodged            |    12 |    34 ||    46

Table legend:
 A = Non-vault XP
 B = Vault XP
 C = Vault XP percentage of total XP
 D = Non-vault monster count
 E = Vault monster count
 F = Vault count percentage of total count
                 A         B        C        D         E       F
            +---------+---------+-------+---------+---------+-------
      Total |     570 |       3 |   0.5 |      78 |       2 |   2.5
            +---------+---------+-------+---------+---------+-------
        D:1 |      52 |       0 |   0.0 |      22 |       0 |   0.0
        D:2 |      59 |       3 |   4.8 |      18 |       2 |  10.0
        D:3 |      94 |       0 |   0.0 |      23 |       0 |   0.0
        D:4 |     235 |       0 |   0.0 |       9 |       0 |   0.0
     Temple |     130 |       0 |   0.0 |       6 |       0 |   0.0
            +---------+---------+-------+---------+---------+-------
